 Dungeon Crawl Stone Soup version 0.26-a0-651-gb41185065b (webtiles) character file.

Game seed: 11540069092378726771

753 toffzen the Sneak (level 7, 0/37 HPs)
             Began as a Vine Stalker Brigand on Oct 6, 2020.
             Slain by Edmund
             ... wielding a +1 vorpal flail
              (1 damage)
             ... on level 4 of the Dungeon.
             The game lasted 00:09:18 (3312 turns).

toffzen the Sneak (Vine Stalker Brigand)            Turns: 3312, Time: 00:09:18

Health: 0/37       AC:  4    Str: 14    XL:     7   Next: 79%
Magic:  0/8        EV: 11    Int: 13    God:
Gold:   192        SH:  0    Dex: 15    Spells: 6/6 levels left

rFire    . . .     SeeInvis .   a - +2 dagger
rCold    . . .     Faith    .   (no shield)
rNeg     . . .     Spirit   +   b - +0 robe
rPois    +         Reflect  .   (no helmet)
rElec    .         Harm     .   c - +0 cloak
rCorr    .         Rampage  .   (no gloves)
MR       .....                  u - +0 pair of boots
Stlth    ++++......             (no amulet)
HPRegen  0.52/turn              s - ring of poison resistance
MPRegen  0.11/turn              (no ring)

@: no status effects
A: fangs 2, regeneration 1, magic shield, antimagic bite, no potion heal 3, rot
immunity
a: no special abilities


You were on level 4 of the Dungeon.
You visited 1 branch of the dungeon, and saw 4 of its levels.

You collected 192 gold pieces.

Inventory:

Hand Weapons
 a - a +2 dagger (weapon)
Missiles
 d - 19 poisoned darts (quivered)
 e - 2 curare-tipped darts
 f - 167 stones
 r - 70 sling bullets
Armour
 b - a +0 robe (worn)
 c - a +0 cloak (worn)
 u - a +0 pair of boots (worn)
Jewellery
 s - a ring of poison resistance (left hand)
Wands
 y - a wand of iceblast (9)
Scrolls
 i - a scroll of blinking {unknown}
 k - a scroll of enchant weapon {unknown}
 m - a scroll of identify {unknown}
 n - a scroll of immolation
 o - a scroll of fear {unknown}
 p - 2 scrolls of teleportation
 q - 2 scrolls of remove curse
 t - a scroll of fog {unknown}
 z - a scroll of random uselessness {unknown}
Potions
 g - 2 potions of stabbing {unknown}
 h - a potion of might {unknown}
 j - 2 potions of lignification {unknown}
 l - a potion of brilliance {unknown}
 v - 2 potions of mutation {unknown}
 w - a potion of curing
 x - a potion of ambrosia {unknown}
 A - a potion of degeneration {unknown}
 B - a potion of berserk rage {unknown}


   Skills:
 + Level 4.1 Fighting
 * Level 5.6 Short Blades
 - Level 1.7 Throwing
 - Level 0.7 Dodging
 + Level 7.3 Stealth


You had 6 spell levels left.
You didn't know any spells.
Your spell library was empty.

Dungeon Overview and Level Annotations

Branches:
Dungeon (4/15)
 Temple: D:4-7

Altars:

Annotations:
D:4 1 runed translucent door, Crazy Yiuf, Edmund


Innate Abilities, Weirdness & Mutations

You have extremely sharp teeth.
Your natural rate of healing is unusually fast.
When hurt, damage is shared between your health and your magic reserves.
Your bite disrupts and absorbs the magic of your enemies.
Potions cannot restore your health.
You are immune to rotting.


Message History

You hit Edmund. Your bite misses Edmund.
Edmund is severely wounded.
Edmund hits you with a +1 vorpal flail.
You hit Edmund but do no damage. You bite Edmund, but do no damage.
Edmund is severely wounded.
You hit Edmund.
Edmund is almost dead.
Edmund hits you with a +1 vorpal flail!
* * * LOW HITPOINT WARNING * * *
You hit Edmund but do no damage.
Edmund is almost dead.
Edmund hits you with a +1 vorpal flail!
* * * LOW HITPOINT WARNING * * *
x2 You hit Edmund but do no damage.
Edmund is almost dead.
You barely miss Edmund. You bite Edmund, but do no damage.
Edmund is almost dead.
Edmund hits you with a +1 vorpal flail.
* * * LOW HITPOINT WARNING * * *
You die...

#.#.# #.#.#..####....## #.#.#
#...#.....).....# ..#.#
##..#....##.....####
###.###########..#....'..........
###...#..........##...####.......
......#.........>#....+..........
......#..........#....####.......
......#..........#....# #.......
......#........@@#....# #.......
......#..........#....# #.......
###...#..........#....# #.......
#...#..........#....# #.......
#...#..........#....# #.......
#...#..........#.#### #.......
#...#..........#.# ###'#### #####
##########.# #.# #.#########)#


You could see Edmund.

Vanquished Creatures
  Sigmund (D:2)
  A phantom (D:4)
  An ogre (D:4)
  2 hounds (D:3)
  2 orc wizards (D:4)
  An orc priest (D:4)
  Natasha (D:2)
  A worker ant (D:4)
  A hound skeleton (D:4)
  9 gnolls
  5 adders
  An ooze (D:1)
  3 worms
  5 dart slugs
  A leopard gecko (D:3)
  8 orcs
  6 bats
  3 giant cockroaches
  4 goblins
  6 hobgoblins
  3 quokkas (D:4)
  4 frilled lizards
  5 kobolds
  5 rats
79 creatures vanquished.

Notes
Turn   | Place    | Note
-------+----------+-------------------------------------------
     0 | D:1      | toffzen the Vine Stalker Brigand began the quest for the
                  | Orb.
     0 | D:1      | Reached XP level 1. HP: 11/11 MP: 2/2
    50 | D:1      | Reached skill level 5 in Stealth
    50 | D:1      | Reached XP level 2. HP: 15/15 MP: 3/3
   144 | D:1      | Reached XP level 3. HP: 12/18 MP: 4/4
   298 | D:1      | You fall into a shaft and drop 1 floor!
   299 | D:2      | Noticed Sigmund
   301 | D:2      | Killed Sigmund
   301 | D:2      | Gained mutation: Your natural rate of healing is unusually
                  | fast. [Vine Stalker growth]
   301 | D:2      | Reached XP level 4. HP: 23/23 MP: 5/5
   301 | D:2      | Reached XP level 5. HP: 28/28 MP: 6/6
   354 | D:2      | Reached skill level 6 in Stealth
   432 | D:2      | Found a faded altar of an unknown god.
   836 | D:2      | Reached XP level 6. HP: 24/32 MP: 3/7
  1564 | D:3      | Noticed Natasha
  1590 | D:2      | Killed Natasha
  2237 | D:4      | Noticed a phantom
  2342 | D:4      | Reached XP level 7. HP: 36/36 MP: 8/8
  2462 | D:4      | Reached skill level 5 in Short Blades
  2895 | D:4      | Reached skill level 7 in Stealth
  3252 | D:4      | Found a runed translucent door.
  3253 | D:4      | Noticed Crazy Yiuf
  3284 | D:4      | Noticed Edmund
  3312 | D:4      | HP: 1/37 [Edmund/+1 vorpal flail (4)]
  3312 | D:4      | Slain by Edmund

Illustrated notes

Levels and vault maps discovered:
D:1:      lightli_arrival_isolated_outpost, layout_basic
D:2:      layout_loops_ring, chequers_ecumenical_altar_grove,
          due_unseen_surprise, uniq_sigmund
D:3:      layout_basic, minmay_misc_feat_tower, uniq_natasha
D:4:      layout_basic, uniq_crazy_yiuf_cottage, uniq_edmund

Skill      XL: |  1  2  3  4  5  6  7 |
---------------+----------------------+-----
Fighting       | 2 3 4 |  4.1
Short Blades   | 2 3 4 5 |  5.6
Stealth        | 5 6 7 |  7.3
Throwing       | |  1.7
Dodging        | |  0.7

Action                   |  1- 3 |  4- 6 |  7- 9 || total
-------------------------+-------+-------+-------++-------
Melee: Dagger            |    27 |   205 |   154 ||   386
       Bite              |     5 |    63 |    48 ||   116
Throw: Dart              |       |    12 |     5 ||    17
Evoke: Wand              |       |       |    13 ||    13
  Use: Scroll            |       |     4 |       ||     4
 Stab: Sleeping          |     4 |     7 |     2 ||    13
Armor: Robe              |     4 |    45 |    10 ||    59
Dodge: Dodged            |    10 |    98 |    48 ||   156

Table legend: (Time is in decaauts)
 A = Elapsed time spent in this place.
 B = Non-inter-level travel time spent in this place.
 C = Inter-level travel time spent in this place.
 D = Time resting spent in this place.
 E = Time spent auto-exploring this place.
 F = Levels seen in this place.
 G = Mean time per level.
                   A        B        C        D        E       F      G
               +--------+--------+--------+--------+--------+-----+--------+
         Total |   3231 |   3140 |     91 |    458 |   1458 |   4 |  807.8 |
       Dungeon |   3231 |   3140 |     91 |    458 |   1458 |   4 |  807.8 |
               +--------+--------+--------+--------+--------+-----+--------+

Top non-repeatable levels by time:
     D:4: 1001 daAuts
     D:2: 868 daAuts
     D:1: 798 daAuts
     D:3: 563 daAuts
